 Dungeon Crawl Stone Soup version 0.20-a0-303-g575bbf7 (webtiles) character file.

966 nubinia the Gusty (level 7, -14/52 HPs)
             Began as a Yellow Draconian Air Elementalist on Dec 17, 2016.
             Was a Follower of Sif Muna.
             Demolished by a two-headed ogre
             ... wielding a +0 giant spiked club
              (36 damage)
             ... on level 3 of the Dungeon.
             The game lasted 00:26:18 (5711 turns).

nubinia the Gusty (DrAE)                            Turns: 5711, Time: 00:26:19

Health: -14/52     AC:  9    Str: 10    XL:     7   Next: 93%
Magic:  0/13       EV: 22    Int: 18    God:    Sif Muna [*.....]
Gold:   188        SH:  0    Dex: 16    Spells: 7/15 levels left

rFire  . . .     SeeInvis .     i - +3 dagger
rCold  . . .     Gourm    .     (armour unavailable)
rNeg   + . .     Faith    .     (no shield)
rPois  .         Spirit   .     (helmet restricted)
rElec  .         Reflect  .     w - +1 cloak
rCorr  +         Harm     .     x - +0 pair of gloves
MR     .....                    (no boots)
Stlth  +++.......               (no amulet)
                                o - ring of positive energy
                                h - +4 ring of evasion

@: agile, short of breath, repel missiles
A: spit acid, acid resistance, unfitting armour, cold-blooded, AC +6
a: Breathe Acid, Divine Energy, Renounce Religion


You were on level 3 of the Dungeon.
You worshipped Sif Muna.
Sif Muna was aware of your devotion.
You were hungry.

You visited 2 branches of the dungeon, and saw 6 of its levels.

You collected 188 gold pieces.

Inventory:

Hand Weapons
 c - a +0 club
 i - a +3 dagger (weapon)
 y - a +4 quarterstaff of chaos
Armour
 w - a +1 cloak (worn)
 x - a +0 pair of gloves (worn)
Jewellery
 h - a +4 ring of evasion (left hand)
 o - a ring of positive energy (right hand)
Scrolls
 e - a scroll of identify
 f - 2 scrolls of enchant armour
 l - a scroll of random uselessness {unknown}
 t - a scroll of fog
 v - a scroll of immolation {unknown}
Potions
 d - a potion of lignification
 j - 3 potions of curing
 k - a potion of degeneration {unknown}
 p - a potion of might {unknown}
 q - 2 potions of heal wounds
 r - 3 potions of brilliance
 s - a potion of cancellation
Books
 a - a book of Air

   Spells                             Type                      Level
   a - Shock                          Conjuration/Air              1
   b - Swiftness                      Charms/Air                   2
   c - Repel Missiles                 Charms/Air                   2
   d - Static Discharge               Conjuration/Air              3
   e - Lightning Bolt                 Conjuration/Air              5
Comestibles
 b - 3 bread rations
 g - 3 slices of pizza
 n - a royal jelly
 u - a meat ration
 z - 3 chunks of flesh


   Skills:
 + Level 1.5 Fighting
 + Level 2.8 Short Blades
 + Level 3.1 Dodging
 + Level 2.4 Stealth
 * Level 4.5 Spellcasting
 * Level 3.6 Conjurations
 + Level 0.1 Charms
 * Level 5.7 Air Magic


You had 7 spell levels left.
You knew the following spells:

 Your Spells              Type           Power        Failure   Level  Hunger
a - Shock                 Conj/Air       ###.         1%          1    None
b - Static Discharge      Conj/Air       ###.....     10%         3    ###....
r - Repel Missiles        Chrm/Air       ##....       8%          2    #......
s - Swiftness             Chrm/Air       ##......     8%          2    #......


Dungeon Overview and Level Annotations

Branches:
Dungeon (5/15)             Temple (1/1) D:5

Altars:
Ashenzari
Cheibriados
Dithmenos
Elyvilon
Fedhas
Hepliaklqana
Makhleb
Okawaru
Qazlal
Ru
Sif Muna
Trog
Uskayaw
Vehumet
Xom
Yredelemnul
Zin
The Shining One

Annotations:
D:4 Eustachio, Grinder


Innate Abilities, Weirdness & Mutations

You can spit globs of acid.
You are resistant to acid.
Your golden yellow scales are hard. (AC +6)
You cannot fit into any form of body armour.
You are cold-blooded and may be slowed by cold attacks.


Message History

You hit the two-headed ogre.
The two-headed ogre is severely wounded.
The two-headed ogre completely misses you.
The two-headed ogre barely misses you.
You hit the two-headed ogre.
The two-headed ogre is severely wounded.
You hit the two-headed ogre.
The two-headed ogre is almost dead.
The two-headed ogre barely misses you. The two-headed ogre closely misses you.
You hit the two-headed ogre.
The two-headed ogre is almost dead.
The two-headed ogre misses you. The two-headed ogre closely misses you.
You hit the two-headed ogre.
The two-headed ogre is almost dead.
You no longer feel sluggish.
You hit the two-headed ogre.
The two-headed ogre is almost dead.
The two-headed ogre hits you with a giant spiked club!!!
Ouch! That really hurt!
You die...

## .# .# .# .###### .O....#
######### .####[# #.......#### .#
#)############.#####....# O#
#..........O@..# #.##.##### .#
###.##.######### #.##......
.#####....#.######## #.#####...
.........###.......# #.# #.##
.#####....#.######.# #.#####.##
.# ##.##.#######.#####........#
.# #.##......................#
.######.################.######.#
........# ##(..## #...#


You could see a two-headed ogre.

Vanquished Creatures
  A water moccasin (D:5)
  A phantom (D:3)
  3 ogres
  A bullfrog (D:5)
  A crimson imp (D:5)
  Crazy Yiuf (D:2)
  A hound (D:3)
  An orc priest (D:2)
  2 orc wizards (D:3)
  3 worker ants
  3 adders (D:3)
  4 gnolls (D:3)
  2 oozes (D:3)
  A worm (D:3)
  A dart slug (D:3)
  3 leopard geckos
  17 orcs
  7 giant cockroaches
  12 goblins
  7 hobgoblins
  5 jackals
  3 kobolds
  2 quokkas
  3 ball pythons
  8 bats
  5 frilled lizards
  A leopard gecko zombie (D:5)
  15 rats
114 creatures vanquished.

Notes
Turn   | Place    | Note
-------+----------+-------------------------------------------
     0 | D:1      | nubinia the Draconian Air Elementalist began the quest for the Orb.
     0 | D:1      | Reached XP level 1. HP: 14/14 MP: 3/3
   402 | D:1      | Reached XP level 2. HP: 20/20 MP: 3/5
   406 | D:1      | Learned a level 2 spell: Repel Missiles
   410 | D:1      | Learned a level 2 spell: Swiftness
   787 | D:1      | Reached XP level 3. HP: 21/26 MP: 1/6
  1529 | D:2      | Found a runed door.
  2356 | D:3      | Reached skill level 1 in Short Blades
  2504 | D:3      | Reached XP level 4. HP: 33/33 MP: 4/7
  2509 | D:3      | Learned a level 3 spell: Static Discharge
  2848 | D:3      | Reached skill level 4 in Air Magic
  2849 | D:3      | Reached XP level 5. HP: 17/38 MP: 0/9
  3384 | D:3      | Found a burning altar of Makhleb.
  3681 | D:4      | Noticed a two-headed ogre
  3817 | D:4      | Found a radiant altar of Vehumet.
  3833 | D:4      | Noticed an ogre
  3840 | D:4      | Killed an ogre
  3840 | D:4      | Reached XP level 6. HP: 23/46 MP: 2/10
  3964 | D:4      | Noticed Grinder
  4390 | D:4      | Noticed Eustachio
  4499 | D:5      | Entered Level 5 of the Dungeon
  4499 | D:5      | Found a staircase to the Ecumenical Temple.
  4682 | Temple   | Entered the Ecumenical Temple
  4689 | Temple   | Became a worshipper of Sif Muna the Loreminder
  4868 | D:5      | Reached skill level 5 in Air Magic
  4893 | D:5      | Your scales start taking on a golden yellow colour.
  4893 | D:5      | Reached XP level 7. HP: 28/51 MP: 0/12
  5165 | D:5      | Found a shadowy altar of Dithmenos.
  5291 | D:5      | Reached skill level 1 in Fighting
  5605 | D:2      | Noticed Crazy Yiuf
  5611 | D:2      | Killed Crazy Yiuf
  5611 | D:2      | Reached * piety under Sif Muna
  5711 | D:3      | Demolished by a two-headed ogre

Vault maps used:
D:1:      eino_arrival_cavern_d, st_stairs_4
D:2:      first_bread, minmay_octomino_e4, uniq_crazy_yiuf_cottage
D:3:      lightli_temple_of_fire, minmay_misc_feat_columns
D:4:      overflow_temple_1_default, chequers_big_river, uniq_robin,
          uniq_eustachio, uniq_grinder
D:5:      grunt_dithmenos_smoke_and_mirrors
Temple:   nicolae_temple_no_exploring_needed

Skill      XL: |  1  2  3  4  5  6  7 |
---------------+----------------------+-----
Dodging        | 2 3 |  3.1
Stealth        | 2 |  2.4
Short Blades   | 1 2 |  2.8
Air Magic      | 4 5 |  5.7
Conjurations   | 2 3 |  3.6
Spellcasting   | 3 4 |  4.5
Fighting       | 1 |  1.5
Charms         | |  0.1

Action                   |  1- 3 |  4- 6 |  7- 9 || total
-------------------------+-------+-------+-------++-------
Melee: Club              |    17 |       |       ||    17
       Tailslap          |     7 |     5 |     1 ||    13
       Unarmed           |     3 |       |       ||     3
       Dagger            |    73 |    62 |    34 ||   169
 Cast: Shock             |    62 |   112 |    41 ||   215
       Repel Missiles    |     1 |     1 |       ||     2
       Static Discharge  |       |     5 |     8 ||    13
       Swiftness         |       |       |     1 ||     1
 Abil: Breathe Acid      |       |       |     7 ||     7
  Use: Scroll            |     4 |     6 |     1 ||    11
       Potion            |       |       |     1 ||     1
 Stab: Sleeping          |     1 |     2 |       ||     3
  Eat: Chunk             |     5 |     9 |     4 ||    18
Armor: Skin              |    23 |    17 |    12 ||    52
Dodge: Dodged            |    77 |    94 |    45 ||   216
       Deflected         |       |     4 |       ||     4
